MLB
LOS ANGELES ANGELS @ HOUSTON ASTROS
04/25/2018
 
TOP OF THE 1ST
Los Angeles Angels batting - Pitching for Houston Astros : LHP Blake Snell
Pitching: LHP Blake Snell
Batting: RHB Kevin Pillar 0-0: DOUBLE (Flyball, 8LXD)
Batting: LHB Kevin Kiermaier 0-0: Swinging Strike
0-1: Fly out, F4 (Popup, 4M)
Batting: RHB Trevor Story 0-0: Called Strike
0-1: Foul Ball, location: 2F
0-2: Fly out, F9 (Flyball, 9S)
Batting: RHB Wil Myers 0-0: Ball
1-0: DOUBLE (Flyball, 78XD)
Kevin Pillar scores
Batting: RHB Mike Zunino 0-0: SINGLE (Line Drive, 4D)
Wil Myers to third
Runner from 3rd tries for Home, SAFE, no throw
Batting: LHB Prince Fielder 0-0: Ball
1-0: Swinging Strike
1-1: Fly out, F8 (Line Drive, 8RM)
Top of the 1st over - 2 runs, 3 hits, 0 errors, 1 left on base; Los Angeles 2 - Houston 0
BOTTOM OF THE 1ST
Houston Astros batting - Pitching for Los Angeles Angels : RHP Stephen Strasburg
Pitching: RHP Stephen Strasburg
Batting: LHB Gregory Polanco 0-0: Foul Ball, location: 2F
0-1: Called Strike
0-2: Ball
1-2: Ball
2-2: Strikes out swinging
Batting: RHB Xander Bogaerts 0-0: Ball
1-0: Ball
2-0: Called Strike
2-1: Foul Ball, location: 2F
2-2: Ground out 6-3 (Groundball, 6)
Batting: LHB Colin Moran 0-0: Called Strike
0-1: Ball
1-1: Foul Ball, location: 2F
1-2: Ball
2-2: Foul Ball, location: 2F
2-2: Fly out, F6 (Popup, 6MS)
Bottom of the 1st over - 0 runs, 0 hits, 0 errors, 0 left on base; Los Angeles 2 - Houston 0
TOP OF THE 2ND
Los Angeles Angels batting - Pitching for Houston Astros : LHP Blake Snell
Batting: LHB Chase Utley 0-0: Called Strike
0-1: Swinging Strike
0-2: Ball
1-2: Foul Ball, location: 2F
1-2: DOUBLE (Line Drive, 7LM)
Batting: SHB Yolmer Sanchez 0-0: Ball
1-0: Foul Ball, location: 2F
1-1: Foul Ball, location: 2F
1-2: Ball
2-2: Ball
3-2: Strikes out looking
Batting: RHB Evan Longoria 0-0: Foul Ball, location: 2F
0-1: Fly out, F8 (Line Drive, 8RM)
Batting: RHB Kevin Pillar 0-0: Called Strike
0-1: Ball
1-1: Ball
2-1: Ground out 5-3 (Groundball, 56S)
Top of the 2nd over - 0 runs, 1 hit, 0 errors, 1 left on base; Los Angeles 2 - Houston 0
BOTTOM OF THE 2ND
Houston Astros batting - Pitching for Los Angeles Angels : RHP Stephen Strasburg
Batting: LHB Jason Heyward 0-0: Called Strike
0-1: Ball
1-1: Foul Ball, location: 2F
1-2: Ground out U3 (Groundball, 3)
Batting: LHB Dominic Smith 0-0: Ball
1-0: Ball
2-0: Ball
3-0: Called Strike
3-1: Base on Balls
Batting: RHB Josh Harrison 0-0: Ball
1-0: 2-RUN HOME RUN (Flyball, 9D), Distance : 356 ft
Batting: RHB Teoscar Hernandez 0-0: Ball
1-0: Called Strike
1-1: Ball
2-1: Foul Ball, location: 2F
2-2: Ball
3-2: Strikes out swinging
Batting: LHB Brock Holt 0-0: Ground out 5-3 (Groundball, 56S)
Bottom of the 2nd over - 2 runs, 1 hit, 0 errors, 0 left on base; Los Angeles 2 - Houston 2
TOP OF THE 3RD
Los Angeles Angels batting - Pitching for Houston Astros : LHP Blake Snell
Batting: LHB Kevin Kiermaier 0-0: Called Strike
0-1: Ball
1-1: Called Strike
1-2: Strikes out swinging
Batting: RHB Trevor Story 0-0: Swinging Strike
0-1: Foul Ball, location: 2F
0-2: Foul Ball, location: 2F
0-2: Ball
1-2: Ground out 5-3 (Groundball, 56)
Batting: RHB Wil Myers 0-0: SINGLE (Groundball, 6D)
Batting: RHB Mike Zunino 0-0: Ball
1-0: Foul Ball, location: 2F
1-1: Swinging Strike
1-2: Ball
2-2: Strikes out looking
Top of the 3rd over - 0 runs, 1 hit, 0 errors, 1 left on base; Los Angeles 2 - Houston 2
BOTTOM OF THE 3RD
Houston Astros batting - Pitching for Los Angeles Angels : RHP Stephen Strasburg
Batting: RHB Welington Castillo 0-0: Called Strike
0-1: Ball
1-1: Swinging Strike
1-2: Strikes out looking
Batting: LHB Gregory Polanco 0-0: Foul Ball, location: 2F
0-1: Ball
1-1: Ball
2-1: Ball
3-1: Called Strike
3-2: Ground out 5-3 (Groundball, 56S)
Batting: RHB Xander Bogaerts 0-0: Ball
1-0: Called Strike
1-1: Called Strike
1-2: Ball
2-2: SOLO HOME RUN (Flyball, 78XD), Distance : 422 ft
Batting: LHB Colin Moran 0-0: Called Strike
0-1: Ball
1-1: Fly out, F8 (Flyball, 89M)
Bottom of the 3rd over - 1 run, 1 hit, 0 errors, 0 left on base; Los Angeles 2 - Houston 3
TOP OF THE 4TH
Los Angeles Angels batting - Pitching for Houston Astros : LHP Blake Snell
Batting: LHB Prince Fielder 0-0: Ball
1-0: Swinging Strike
1-1: Swinging Strike
1-2: Ball
2-2: Foul Ball, location: 2F
2-2: Ball
3-2: Strikes out swinging
Batting: LHB Chase Utley 0-0: Called Strike
0-1: SINGLE (Groundball, 23) (infield hit)
Batting: SHB Yolmer Sanchez 0-0: Ball
1-0: Called Strike
1-1: Swinging Strike
1-2: Foul Ball, location: 2F
1-2: Grounds into double play, 5-4-3 (Groundball, 56)
Top of the 4th over - 0 runs, 1 hit, 0 errors, 0 left on base; Los Angeles 2 - Houston 3
BOTTOM OF THE 4TH
Houston Astros batting - Pitching for Los Angeles Angels : RHP Stephen Strasburg
Batting: LHB Jason Heyward 0-0: Ball
1-0: Fly out, F9 (Flyball, 9LS)
Batting: LHB Dominic Smith 0-0: Ground out 4-3 (Groundball, 34)
Batting: RHB Josh Harrison 0-0: Called Strike
0-1: Foul Ball, location: 2F
0-2: SINGLE (Line Drive, 8LS)
Batting: RHB Teoscar Hernandez 0-0: DOUBLE (Flyball, 78XD)
Josh Harrison to third
Runner from 3rd tries for Home, SAFE, no throw
Batting: LHB Brock Holt 0-0: Foul Ball, location: 2F
0-1: Ball
1-1: Swinging Strike
1-2: Strikes out swinging
Bottom of the 4th over - 1 run, 2 hits, 0 errors, 1 left on base; Los Angeles 2 - Houston 4
TOP OF THE 5TH
Los Angeles Angels batting - Pitching for Houston Astros : LHP Blake Snell
Batting: RHB Evan Longoria 0-0: Fly out, F7 (Flyball, 7)
Batting: RHB Kevin Pillar 0-0: Ball
1-0: Ball
2-0: Ball
3-0: Called Strike
3-1: Fly out, F7 (Flyball, 7S)
Batting: LHB Kevin Kiermaier 0-0: Called Strike
0-1: Ball
1-1: Called Strike
1-2: Foul Ball, location: 2F
1-2: Strikes out swinging
Top of the 5th over - 0 runs, 0 hits, 0 errors, 0 left on base; Los Angeles 2 - Houston 4
BOTTOM OF THE 5TH
Houston Astros batting - Pitching for Los Angeles Angels : RHP Stephen Strasburg
Batting: RHB Welington Castillo 0-0: Ball
1-0: Called Strike
1-1: Foul Ball, location: 2F
1-2: Foul Ball, location: 2F
1-2: Ball
2-2: Ball
3-2: Foul Ball, location: 2F
3-2: SINGLE (Groundball, 4MD)
Batting: LHB Gregory Polanco 0-0: Fielders Choice at 2nd, 6-4 (Groundball, 6M)
Batting: RHB Xander Bogaerts 0-0: Called Strike
0-1: Foul Ball, location: 2F
0-2: Ball
1-2: Ball
2-2: Ball
3-2: Strikes out swinging
Gregory Polanco steals 2nd base
Batter strikes out.
Batting: LHB Colin Moran 0-0: Fly out, F8 (Flyball, 8LD)
Bottom of the 5th over - 0 runs, 1 hit, 0 errors, 1 left on base; Los Angeles 2 - Houston 4
TOP OF THE 6TH
Los Angeles Angels batting - Pitching for Houston Astros : LHP Blake Snell
Batting: RHB Trevor Story 0-0: Ball
1-0: SINGLE (Popup, 6MD)
Batting: RHB Wil Myers 0-0: Ball
1-0: Ball
2-0: Foul Ball, location: 2F
2-1: Called Strike
2-2: Strikes out swinging
Batting: RHB Mike Zunino 0-0: Ball
1-0: Ball
2-0: Ball
3-0: Called Strike
3-1: Foul Ball, location: 2F
3-2: Foul Ball, location: 2F
3-2: Base on Balls
Trevor Story to second
Batting: LHB Prince Fielder 0-0: Ball
Wild Pitch!
Trevor Story to third
Mike Zunino to second
1-0: Ground out U3 (Groundball, 3)
Batting: LHB Chase Utley 0-0: Ball
1-0: Called Strike
1-1: Ball
2-1: Foul Ball, location: 2F
2-2: Ball
3-2: Ground out 1-3 (Groundball, 13)
Top of the 6th over - 0 runs, 1 hit, 0 errors, 2 left on base; Los Angeles 2 - Houston 4
BOTTOM OF THE 6TH
Houston Astros batting - Pitching for Los Angeles Angels : RHP Stephen Strasburg
Pitching: RHP Jeurys Familia
Batting: LHB Jason Heyward 0-0: Ball
1-0: Ball
2-0: Ground out 4-3 (Groundball, 34)
Batting: LHB Dominic Smith 0-0: Ball
1-0: Ball
2-0: Called Strike
2-1: Foul Ball, location: 2F
2-2: Ball
3-2: Base on Balls
Batting: RHB Josh Harrison 0-0: Fly out, F7 (Line Drive, 7S)
Batting: RHB Teoscar Hernandez 0-0: Ball
1-0: Ball
2-0: Ball
3-0: Called Strike
3-1: Called Strike
3-2: Base on Balls
Dominic Smith to second
Batting: LHB Brock Holt 0-0: Ball
1-0: Ball
Wild Pitch!
Dominic Smith to third
Teoscar Hernandez to second
2-0: Called Strike
2-1: Foul Ball, location: 2F
2-2: Fly out, F5 (Popup, 5F)
Bottom of the 6th over - 0 runs, 0 hits, 0 errors, 2 left on base; Los Angeles 2 - Houston 4
TOP OF THE 7TH
Los Angeles Angels batting - Pitching for Houston Astros : LHP Blake Snell
Pitching: RHP Tony Zych
Batting: SHB Yolmer Sanchez 0-0: Swinging Strike
0-1: Called Strike
0-2: Foul Ball, location: 2F
0-2: Strikes out swinging
Batting: RHB Evan Longoria 0-0: Ball
1-0: SINGLE (Flyball, 7S)
Batting: RHB Kevin Pillar 0-0: Ball
1-0: Foul Ball, location: 2F
1-1: Called Strike
1-2: Strikes out swinging
Batting: LHB Kevin Kiermaier 0-0: Called Strike
0-1: Ball
1-1: Foul Ball, location: 2F
1-2: Strikes out swinging
Top of the 7th over - 0 runs, 1 hit, 0 errors, 1 left on base; Los Angeles 2 - Houston 4
BOTTOM OF THE 7TH
Houston Astros batting - Pitching for Los Angeles Angels : RHP Jeurys Familia
Pitching: RHP Sam Tuivailala
Batting: RHB Welington Castillo 0-0: Fly out, F5 (Popup, 5SF)
Batting: LHB Gregory Polanco 0-0: Foul Ball, location: 2F
0-1: Ball
1-1: Fly out, F8 (Line Drive, 8RM)
Batting: RHB Xander Bogaerts 0-0: Called Strike
0-1: Swinging Strike
0-2: Foul Ball, location: 2F
0-2: Strikes out looking
Bottom of the 7th over - 0 runs, 0 hits, 0 errors, 0 left on base; Los Angeles 2 - Houston 4
TOP OF THE 8TH
Los Angeles Angels batting - Pitching for Houston Astros : RHP Tony Zych
Pitching: RHP Alex Colome
Batting: RHB Trevor Story 0-0: Called Strike
0-1: Ball
1-1: Called Strike
1-2: Strikes out swinging
Batting: RHB Wil Myers 0-0: Foul Ball, location: 2F
0-1: Foul Ball, location: 2F
0-2: Ball
1-2: Fly out, F8 (Line Drive, 8LM)
Batting: RHB Mike Zunino 0-0: Called Strike
0-1: Ball
1-1: Foul Ball, location: 2F
1-2: Strikes out looking
Top of the 8th over - 0 runs, 0 hits, 0 errors, 0 left on base; Los Angeles 2 - Houston 4
BOTTOM OF THE 8TH
Houston Astros batting - Pitching for Los Angeles Angels : RHP Sam Tuivailala
Pitching: RHP Sam Dyson
Batting: LHB Colin Moran 0-0: Called Strike
0-1: Ball
1-1: Called Strike
1-2: Ball
2-2: Foul Ball, location: 2F
2-2: Fly out, F4 (Popup, 3D)
Batting: LHB Jason Heyward 0-0: Ball
1-0: Ball
2-0: Ground out U3 (Groundball, 3)
Batting: LHB Dominic Smith 0-0: Ball
1-0: DOUBLE (Line Drive, 9LM)
Batting: RHB Josh Harrison 0-0: Ball
1-0: Called Strike
1-1: Ball
2-1: Ball
3-1: Called Strike
3-2: Ground out 6-3 (Groundball, 6M)
Bottom of the 8th over - 0 runs, 1 hit, 0 errors, 1 left on base; Los Angeles 2 - Houston 4
TOP OF THE 9TH
Los Angeles Angels batting - Pitching for Houston Astros : RHP Alex Colome
Pitching: LHP A.J. Minter
Batting: LHB Prince Fielder 0-0: Called Strike
0-1: Foul Ball, location: 2F
0-2: Strikes out swinging passed ball, reaches first!
Pinch Hitting: RHB Wilmer Flores 0-0: Ball
1-0: Ball
2-0: Foul Ball, location: 2F
2-1: Foul Ball, location: 2F
2-2: Foul Ball, location: 2F
2-2: 2-RUN HOME RUN (Flyball, 9LD) (Inside the Park)
Batting: SHB Yolmer Sanchez 0-0: Swinging Strike
0-1: Foul Ball, location: 2F
0-2: Ball
1-2: Fly out, F8 (Line Drive, 8RD)
Batting: RHB Evan Longoria 0-0: Foul Ball, location: 2F
0-1: Ball
1-1: Ball
2-1: Foul Ball, location: 2F
2-2: Ground out 5-3 (Groundball, 56S)
Batting: RHB Kevin Pillar 0-0: Ball
1-0: Foul Ball, location: 2F
1-1: Ball
2-1: Foul Ball, location: 2F
2-2: Strikes out swinging
Top of the 9th over - 2 runs, 1 hit, 0 errors, 0 left on base; Los Angeles 4 - Houston 4
BOTTOM OF THE 9TH
Houston Astros batting - Pitching for Los Angeles Angels : RHP Sam Dyson
Pitching: LHP Aroldis Chapman
Now at 1B: Wilmer Flores
Batting: RHB Teoscar Hernandez 0-0: Foul Ball, location: 2F
0-1: Ball
1-1: Ball
2-1: Foul Ball, location: 2F
2-2: Strikes out swinging
Batting: LHB Brock Holt 0-0: Ball
1-0: Ball
2-0: Foul Ball, location: 2F
2-1: Called Strike
2-2: Foul Ball, location: 2F
2-2: Foul Ball, location: 2F
2-2: Ball
3-2: Foul Ball, location: 2F
3-2: Base on Balls
Batting: RHB Welington Castillo 0-0: Called Strike
0-1: Ball
1-1: Ball
2-1: SINGLE (Popup, 6MD)
Brock Holt to second
Pitching: LHP Jose Alvarez
Batting: LHB Gregory Polanco 0-0: Called Strike
0-1: Ball
1-1: Ball
2-1: Ball
Wild Pitch!
Brock Holt to third
Welington Castillo to second
3-1: Called Strike
3-2: Base on Balls
Batting: RHB Xander Bogaerts 0-0: Swinging Strike
0-1: Ball
1-1: Foul Ball, location: 2F
1-2: SINGLE (Groundball, 56D)
Brock Holt scores
Friday, June 15th, 2018 - OOTP Baseball 19.6 Build 53